 Dungeon Crawl Stone Soup version 0.28.0-45-g0d030f2227 (webtiles) character file.

Game seed: 3066524267090284596

4 McKennaii the Conjurer (level 1, -2/13 HPs)
             Began as a Demonspawn Conjurer on Apr 12, 2022.
             Slain by a jackal (3 damage)
             ... on level 1 of the Dungeon.
             The game lasted 00:00:17 (165 turns).

McKennaii the Conjurer (Demonspawn Conjurer)         Turns: 165, Time: 00:00:18

Health: -2/13      AC:  2    Str:  7    XL:     1   Next: 50%
Magic:  0/3        EV: 12    Int: 19    God:
Gold:   0          SH:  0    Dex: 11    Spells: 3/4 levels left

rFire   . . .      SeeInvis .   (no weapon)
rCold   . . .      Faith    .   (no shield)
rNeg    . . .      Spirit   .   a - +0 robe
rPois   .          Reflect  .   (no helmet)
rElec   .          Harm     .   (no cloak)
rCorr   .          Rampage  .   (no gloves)
Will    .....                   (no boots)
Stlth   ++........              (no amulet)
HPRegen 0.04/turn               (no ring)
MPRegen 0.08/turn               (no ring)

@: no status effects
A: no striking features
a: no special abilities


You were on level 1 of the Dungeon.
You visited 1 branch of the dungeon, and saw 1 of its levels.

Inventory:

Armour
 a - a +0 robe (worn)
Scrolls
 b - 3 scrolls of identify {unknown}


   Skills:
 - Level 1.7 Dodging
 - Level 1.7 Stealth
 + Level 2.1 Spellcasting
 + Level 4.1 Conjurations


You had 3 spell levels left.
You knew the following spells:

 Your Spells              Type           Power      Damage    Failure   Level
a - Magic Dart            Conj           68%        1d6       3%          1

Your spell library contained the following spells:

 Spells                   Type           Power      Damage    Failure   Level
 Searing Ray              Conj           34%        2d5       4%          2
 Dazzling Flash           Conj/Hex       18%        N/A       22%         3
 Fulminant Prism          Conj/Hex       4%         3d6       56%         4
 Iskenderun's Mystic Bla  Conj/Tloc      9%         2d4       56%         4


Dungeon Overview and Level Annotations

Branches:
Dungeon (1/15)

Altars:


Message History

Press: ? - help, Shift-Dir - straight line, f/p - jackal
Aim: a jackal (100% to hit)
The magic dart hits the jackal.
You kill the jackal!
Unknown command.
You hit the jackal but do no damage. The jackal barely misses you. x2
You hit the jackal.
The jackal is moderately wounded.
The jackal bites you.
* * * LOW HITPOINT WARNING * * *
You hit the jackal but do no damage.
The jackal is moderately wounded.
The jackal barely misses you. The jackal misses you.
You hit the jackal but do no damage.
The jackal is moderately wounded.
The jackal misses you. The jackal closely misses you. x2
The jackal barely misses you.
Casting: Magic Dart (safe; 3% risk of failure)
Confirm with . or Enter, or press ? or * to list all spells.
Aiming: Magic Dart (safe; 3% risk of failure)
Press: ? - help, Shift-Dir - straight line, f/p - jackal
Aim: a jackal (100% to hit)
The magic dart hits the jackal.
The jackal is heavily wounded.
The jackal closely misses you.
The jackal bites you but does no damage.
The jackal bites you.
* * * LOW HITPOINT WARNING * * *
The jackal misses you. The jackal closely misses you.
Casting: Magic Dart (safe; 3% risk of failure)
Confirm with . or Enter, or press ? or * to list all spells.
Aiming: Magic Dart (safe; 3% risk of failure)
Press: ? - help, Shift-Dir - straight line, f/p - jackal
Aim: a jackal (heavily wounded, 100% to hit)
The magic dart hits the jackal.
You kill the jackal!
The jackal bites you.
You die...

...#.......##
##.....#.#.###
<...######.####.....>..##
...#...)...#..........#.##
..#.##.....#.##......###.##
.#.#..##...#.###....##
##>####.# #.#.#...#..#.#
##..## ##.....# .
..#.....#.# ###.# ##.######
. #..#....#.#######.###.##
..#...#....#..h@.# #.#.##
.#......#.####.####.##
........#.#........)#
............##.####.#
.###....#.####.# #...
##.#.#.# #.# ##### #.#....
..# ..##... ### .....


You could see a jackal.

Vanquished Creatures
  A goblin (D:1)
  2 jackals (D:1)
  A frilled lizard (D:1)
  A kobold (D:1)
5 creatures vanquished.

Notes
Turn   | Place    | Note
-------+----------+-------------------------------------------
     0 | D:1      | McKennaii the Demonspawn Conjurer began the quest for the
                  | Orb.
     0 | D:1      | Reached XP level 1. HP: 13/13 MP: 3/3
   165 | D:1      | Slain by a jackal

Illustrated notes

Levels and vault maps discovered:
D:1:      minmay_arrival_radiant_lines, layout_loops_ring,
          shapermc_ecumenical_altar_starsandcircs, st_stairs_6

Action                   || total
-------------------------++-------
Melee: Unarmed           ||    23
 Cast: Magic Dart        ||     8
Armor: Robe              ||    10
Dodge: Dodged            ||    31
